 Dungeon Crawl Stone Soup version 0.23.0 (webtiles) character file.

Game seed: 8252059929939413011

361 Lanoc the Shield-Bearer (level 6, -2/53 HPs)
             Began as a Gnoll Fighter on Feb 13, 2019.
             Was a Believer of Ashenzari.
             Slain by an ogre
             ... wielding a +0 giant club
              (26 damage)
             ... on level 4 of the Dungeon.
             The game lasted 00:04:28 (2982 turns).

Lanoc the Shield-Bearer (Gnoll Fighter)             Turns: 2982, Time: 00:04:29

Health: -2/53      AC:  7    Str: 25    XL:     6   Next: 66%
Magic:  9/9        EV:  9    Int: 11    God:    Ashenzari [**....]
Gold:   199        SH: 14    Dex: 14    Spells: 9/9 levels left

rFire    . . .     SeeInvis .   a - +0 long sword
rCold    . . .     Gourm    .   c - +0 shield
rNeg     . . .     Faith    .   b - +0 scale mail
rPois    +         Spirit   .   (no helmet)
rElec    .         Reflect  +   (no cloak)
rCorr    .         Harm     .   (no gloves)
MR       .....                  (no boots)
Stlth    ++........             g - +3 amulet of reflection
HPRegen  0.17/turn              h - ring of stealth
MPRegen  0.11/turn              j - ring of poison resistance

@: mighty
A: distributed training, fangs 1, strong nose
a: Curse Item, Scrying, Renounce Religion


You were on level 4 of the Dungeon.
You worshipped Ashenzari.
Ashenzari was pleased with you.
You were hungry.

You visited 1 branch of the dungeon, and saw 4 of its levels.

You collected 199 gold pieces.

Inventory:

Hand Weapons
 a - a +0 long sword (weapon)
Missiles
 k - 39 arrows
 o - 54 sling bullets
Armour
 b - a +0 scale mail (worn)
 c - a +0 shield (worn)
Jewellery
 g - a +3 amulet of reflection (around neck)
 h - a ring of stealth (left hand)
 j - a ring of poison resistance (right hand)
Scrolls
 i - a scroll of enchant armour {unknown}
 l - a scroll of fear {unknown}
 m - 4 scrolls of identify {unknown}
 n - a scroll of immolation {unknown}
 q - a scroll of amnesia {unknown}
 r - a scroll of fog {unknown}
 t - a scroll of enchant weapon {unknown}
Potions
 e - a potion of lignification {unknown}
 p - a potion of berserk rage {unknown}
 s - a potion of curing {unknown}
Comestibles
 f - 2 rations


   Skills:
 + Level 6.8 Fighting
 + Level 2.0 Short Blades
 + Level 5.0 Long Blades
 + Level 2.0 Axes
 + Level 2.0 Maces & Flails
 + Level 2.0 Polearms
 + Level 2.0 Staves
 + Level 2.0 Slings
 + Level 2.0 Bows
 + Level 2.0 Crossbows
 + Level 2.0 Throwing
 + Level 6.8 Armour
 + Level 2.0 Dodging
 + Level 2.0 Stealth
 + Level 6.8 Shields
 + Level 2.0 Unarmed Combat
 + Level 2.0 Spellcasting
 + Level 1.6 Conjurations
 + Level 1.6 Hexes
 + Level 1.6 Charms
 + Level 1.6 Summonings
 + Level 1.6 Necromancy
 + Level 1.6 Translocations
 + Level 1.6 Transmutations
 + Level 1.6 Fire Magic
 + Level 1.6 Ice Magic
 + Level 1.6 Air Magic
 + Level 1.6 Earth Magic
 + Level 1.6 Poison Magic
 + Level 2.2 Invocations
 + Level 2.0 Evocations


You had 9 spell levels left.
You didn't know any spells.
Your spell library was empty.

Dungeon Overview and Level Annotations

Branches:
Dungeon (4/15)
 Temple: D:4-7

Altars:
Ashenzari


Innate Abilities, Weirdness & Mutations

Your experience applies equally to all skills.
You have very sharp teeth.
Your uncanny sense of smell can sniff out nearby items.


Message History

The giant cockroach bites you.
You hit the giant cockroach but do no damage.
You block the giant cockroach's attack.
The giant cockroach bites you but does no damage.
You slash the giant cockroach!
You kill the giant cockroach!
No target in view!
You see here a giant cockroach corpse.
f - 2 rations (gained 1)
An ogre comes into view. It is wielding a +0 giant club.
Found a stone staircase leading down.
The ogre hits you with a +0 giant club!!
You hit the ogre but do no damage. You block the ogre's attack.
You hit the ogre but do no damage. You bite the ogre, but do no damage.
The ogre hits you with a +0 giant club!
You feel very mighty all of a sudden. You block the ogre's attack.
Your shield and scale mail prevent you from hitting the ogre.
The ogre hits you with a +0 giant club!!
You die...

, ###...###
*,########...##
............# *
######.#.#.# *
##.###..# ,∆*
##.## ##.## ,*
#.## ##.# ,
##.## ##.## *
#.@###..#
########
#.#O#.#.#
........ **
#.......#
########
#...>........#
#######
####.........#
†.....#
#.......###
#####.#
#.$.....# # ,*
* #$....### #
.......#


You could see an ogre.

Vanquished Creatures
  A centaur (D:4)
  A howler monkey (D:4)
  Jessica (D:2)
  Natasha (D:3)
  A worker ant (D:4)
  5 gnolls
  4 adders
  An ooze (D:2)
  An adder skeleton (D:2)
  2 worms
  2 dart slugs (D:2)
  An orc (D:3)
  A ball python (D:1)
  3 giant cockroaches
  6 hobgoblins
  6 jackals
  6 kobolds
  A quokka (D:4)
  12 bats
  6 goblins (D:1)
  6 rats
68 creatures vanquished.

Vanquished Creatures (others)
  A dart slug (D:4)
1 creature vanquished.

Grand Total: 69 creatures vanquished

Notes
Turn   | Place    | Note
-------+----------+-------------------------------------------
     0 | D:1      | Lanoc the Gnoll Fighter began the quest for the Orb.
     0 | D:1      | Reached XP level 1. HP: 23/23 MP: 1/1
   105 | D:1      | Reached XP level 2. HP: 29/29 MP: 2/2
   409 | D:1      | Reached XP level 3. HP: 35/35 MP: 3/3
   839 | D:2      | Reached skill level 1 in Invocations
  1076 | D:2      | Reached skill level 1 in Short Blades
  1076 | D:2      | Reached skill level 1 in Axes
  1076 | D:2      | Reached skill level 1 in Maces & Flails
  1076 | D:2      | Reached skill level 1 in Polearms
  1076 | D:2      | Reached skill level 1 in Staves
  1076 | D:2      | Reached skill level 1 in Slings
  1076 | D:2      | Reached skill level 1 in Bows
  1076 | D:2      | Reached skill level 1 in Crossbows
  1076 | D:2      | Reached skill level 1 in Throwing
  1076 | D:2      | Reached skill level 1 in Dodging
  1076 | D:2      | Reached skill level 1 in Stealth
  1076 | D:2      | Reached skill level 1 in Unarmed Combat
  1076 | D:2      | Reached skill level 1 in Spellcasting
  1076 | D:2      | Reached skill level 1 in Evocations
  1076 | D:2      | Reached XP level 4. HP: 41/41 MP: 5/5
  1148 | D:2      | Noticed Jessica
  1159 | D:2      | Killed Jessica
  1159 | D:2      | Reached skill level 1 in Conjurations
  1159 | D:2      | Reached skill level 1 in Hexes
  1159 | D:2      | Reached skill level 1 in Charms
  1159 | D:2      | Reached skill level 1 in Summonings
  1159 | D:2      | Reached skill level 1 in Necromancy
  1159 | D:2      | Reached skill level 1 in Translocations
  1159 | D:2      | Reached skill level 1 in Transmutations
  1159 | D:2      | Reached skill level 1 in Fire Magic
  1159 | D:2      | Reached skill level 1 in Ice Magic
  1159 | D:2      | Reached skill level 1 in Air Magic
  1159 | D:2      | Reached skill level 1 in Earth Magic
  1159 | D:2      | Reached skill level 1 in Poison Magic
  1178 | D:2      | Found a faded altar of an unknown god.
  1192 | D:2      | Became a worshipper of Ashenzari the Shackled
  1192 | D:2      | Reached * piety under Ashenzari
  1889 | D:3      | Reached XP level 5. HP: 47/47 MP: 6/6
  2223 | D:3      | Noticed Natasha
  2226 | D:3      | Killed Natasha
  2354 | D:4      | Noticed a centaur
  2367 | D:4      | Reached XP level 6. HP: 27/53 MP: 8/8
  2371 | D:4      | Reached skill level 5 in Long Blades
  2681 | D:4      | Reached ** piety under Ashenzari
  2982 | D:4      | Slain by an ogre

Skill      XL: |  1  2  3  4  5  6 |
---------------+-------------------+-----
Invocations    | 1 2 |  2.2
Short Blades   | 1 2 |  2.0
Axes           | 1 2 |  2.0
Maces & Flails | 1 2 |  2.0
Polearms       | 1 2 |  2.0
Staves         | 1 2 |  2.0
Slings         | 1 2 |  2.0
Bows           | 1 2 |  2.0
Crossbows      | 1 2 |  2.0
Throwing       | 1 2 |  2.0
Dodging        | 1 2 |  2.0
Stealth        | 1 2 |  2.0
Unarmed Combat | 1 2 |  2.0
Spellcasting   | 1 2 |  2.0
Evocations     | 1 2 |  2.0
Conjurations   | 1 |  1.6
Hexes          | 1 |  1.6
Charms         | 1 |  1.6
Summonings     | 1 |  1.6
Necromancy     | 1 |  1.6
Translocations | 1 |  1.6
Transmutations | 1 |  1.6
Fire Magic     | 1 |  1.6
Ice Magic      | 1 |  1.6
Air Magic      | 1 |  1.6
Earth Magic    | 1 |  1.6
Poison Magic   | 1 |  1.6
Long Blades    | 5 |  5.0
Fighting       | |  6.8
Armour         | |  6.8
Shields        | |  6.8

Action                   |  1- 3 |  4- 6 || total
-------------------------+-------+-------++-------
Melee: Long sword        |    73 |   136 ||   209
       Bite              |    12 |    11 ||    23
  Use: Potion            |       |     1 ||     1
 Stab: Sleeping          |     2 |       ||     2
  Eat: Chunk             |       |     6 ||     6
Armor: Scale mail        |    21 |    55 ||    76
Dodge: Dodged            |    13 |    44 ||    57
Block: Shield            |    39 |   140 ||   179
       Reflection        |     2 |     4 ||     6
       Rpst.: Long sword |     3 |    18 ||    21
